 Dungeon Crawl Stone Soup version 0.27.1-3-gb3d3a73c9e (webtiles) character file.

Game seed: 13095994803747293370

2825 Riddle the Fighter (level 9, 82/82 HPs)
             Began as a Purple Draconian Gladiator on Aug 13, 2021.
             Was a Follower of Dithmenos.
             Quit the game on level 9 of the Dungeon on Oct 9, 2021.
             The game lasted 00:21:55 (10455 turns).

Riddle the Fighter (Purple Draconian Gladiator)    Turns: 10455, Time: 00:21:56

Health: 82/82      AC:  9    Str: 16    XL:     9   Next: 45%
Magic:  9/9        EV: 14    Int:  9    God:    Dithmenos [*.....]
Gold:   398        SH:  5    Dex: 16    Spells: 8/8 levels left

rFire    + . .     SeeInvis .   D - +3 long sword
rCold    . . .     Faith    .   x - +0 buckler
rNeg     . . .     Spirit   +   (armour unavailable)
rPois    .         Reflect  .   h - +1 hat {Stlth+}
rElec    .         Harm     .   (no cloak)
rCorr    .         Rampage  .   (no gloves)
Will     +....                  w - +0 pair of boots
Stlth    +++.......             E - amulet of guardian spirit
HPRegen  0.23/turn              e - ring of protection from fire
MPRegen  0.11/turn              (no ring)

@: wreathed by umbra
A: breathe power, AC +7, unfitting armour, cold-blooded
a: Breathe Dispelling Energy, Renounce Religion


You were on level 9 of the Dungeon.
You worshipped Dithmenos.
Dithmenos was aware of your devotion.
You visited 1 branch of the dungeon, and saw 9 of its levels.

You collected 398 gold pieces.

Inventory:

Hand Weapons
 D - a +3 long sword (weapon)
Missiles
 c - 2 throwing nets (quivered)
Armour
 h - a +1 hat of stealth (worn)
 w - a +0 pair of boots (worn)
 x - a +0 buckler (worn)
Jewellery
 e - a ring of protection from fire (left hand)
 E - an amulet of guardian spirit (around neck)
 I - an amulet of faith
Wands
 r - a wand of polymorph (9)
 B - a wand of mindburst (8)
 F - a wand of digging (4)
 G - a wand of acid (20)
Scrolls
 d - 7 scrolls of teleportation {unknown}
 g - 3 scrolls of enchant armour {unknown}
 i - 7 scrolls of identify {unknown}
 o - 2 scrolls of enchant weapon {unknown}
 p - a scroll of amnesia {unknown}
 q - a scroll of fear {unknown}
 s - a scroll of noise {unknown}
 t - 2 scrolls of fog {unknown}
 u - 3 scrolls of blinking {unknown}
 v - a scroll of holy word {unknown}
 y - a scroll of immolation {unknown}
 A - a scroll of acquirement {unknown}
 C - a scroll of magic mapping {unknown}
 H - a scroll of vulnerability {unknown}
Potions
 a - a potion of might {unknown}
 b - 3 potions of heal wounds {unknown}
 f - a potion of mutation {unknown}
 j - 2 potions of resistance {unknown}
 k - 2 potions of curing
 l - 3 potions of brilliance {unknown}
 m - 4 potions of lignification {unknown}
 n - a potion of ambrosia {unknown}
 z - 2 potions of haste {unknown}


   Skills:
 * Level 8.6 Fighting
 * Level 8.2 Long Blades
 - Level 1.7 Throwing
 + Level 5.5 Dodging
 + Level 2.0 Stealth
 + Level 3.2 Shields
 - Level 3.0 Evocations


You had 8 spell levels left.
You didn't know any spells.
Your spell library contained the following spells:

 Spells                   Type           Power      Damage    Failure   Level
 Pain                     Necr           0%         1d4       41%         1
 Slow                     Hex            0%         N/A       56%         2
 Confusing Touch          Hex            0%         N/A       80%         3
 Vampiric Draining        Necr           0%         2d6       80%         3
 Agony                    Necr           0%         N/A       100%        5
 Excruciating Wounds      Necr           0%         N/A       100%        5


Dungeon Overview and Level Annotations

Branches:
Dungeon (9/15)             Temple (0/1) D:7
   Lair: D:8-11         Orc: D:9-12

Altars:
Cheibriados
Dithmenos
Hepliaklqana
Makhleb
Nemelex Xobeh
Ru
Trog
Vehumet
Wu Jian
Zin

Annotations:
D:6 3 runed translucent doors, fram's ghost, amateur HOMo


Innate Abilities, Weirdness & Mutations

You can breathe bolts of dispelling energy.
Your rich purple scales are hard. (AC +7)
You cannot fit into any form of body armour.
You are cold-blooded and may be slowed by cold attacks.


Message History

The helpless goblin fails to defend itself.
You slash the goblin!
You kill the goblin!
Dithmenos accepts your kill.
The kobold shouts!
The kobold completely misses you.
You barely miss the kobold. The kobold closely misses you.
You closely miss the kobold. You block the kobold's attack.
You miss the kobold. The kobold barely misses you.
You hit the kobold.
You kill the kobold!
Dithmenos accepts your kill.
No target in view!
No target in view!
Things that are here:
a +0 dagger; 4 stones; a kobold corpse
Things that are here:
a +0 whip; a kobold corpse
There is an open door here.
You open the door.
Found a chain mail.
A hobgoblin comes into view.
There is an open door here.
The hobgoblin shouts!
The hobgoblin hits you but does no damage.
You slash the hobgoblin!
You kill the hobgoblin!
Dithmenos accepts your kill.
No target in view!
No target in view!
No target in view!
No target in view!
Unknown command.
Welcome back, Riddle the Purple Draconian Gladiator.
Dithmenos says: Spread the eternal night.
Press ? for a list of commands and other information.
Welcome back, Riddle the Purple Draconian Gladiator.
Dithmenos says: Spread the eternal night.
Press ? for a list of commands and other information.
Are you sure you want to abandon this character and quit the game? (Confirm with "yes".)

.P..#####..####.........
### #..#))#.........
#..#).#.......##
###+#..#'##P......#
+##.................#
....8...............#
......#'###.........#
#..#+ #...#+##......# #
#.@.# #......# #[.†#
#......# ##### #......#
......#


There were no monsters in sight!

Vanquished Creatures
  3 water moccasins
  A sky beast (D:7)
  2 ice beasts
  A black bear (D:5)
  A necrophage (D:7)
  A centaur (D:8)
  An ogre (D:5)
  2 phantoms (D:5)
  A kobold brigand (D:8)
  4 bullfrogs
  A wyvern zombie (D:6)
  A scorpion (D:4)
  2 gnoll sergeants
  3 water moccasin skeletons
  5 wights (D:7)
  The ghost of kukildenkimon the Sneak, a weakling OpAM (D:3)
  A bullfrog zombie (D:5)
  A hound (D:5)
  3 jellies
  3 orc priests
  A centaur skeleton (D:4)
  5 orc wizards
  A killer bee zombie (D:8)
  A howler monkey skeleton (D:7)
  5 adders
  16 gnolls
  2 howler monkey zombies
  4 shadow imps
  A white imp (D:5)
  An adder zombie (D:5)
  2 worms
  3 dart slugs
  22 orcs
  2 ball pythons (D:3)
  8 bats
  4 endoplasms
  3 giant cockroaches
  6 goblins
  5 hobgoblins
  4 jackals (D:2)
  3 quokkas
  4 frilled lizards
  A jackal skeleton (D:3)
  12 kobolds
  4 rats
158 creatures vanquished.

Notes
Turn   | Place    | Note
-------+----------+-------------------------------------------
     0 | D:1      | Riddle the Draconian Gladiator began the quest for the Orb.
     0 | D:1      | Reached XP level 1. HP: 17/17 MP: 1/1
   895 | D:2      | Reached XP level 2. HP: 25/25 MP: 2/2
  1105 | D:2      | Found a faded altar of an unknown god.
  1699 | D:2      | Reached XP level 3. HP: 30/30 MP: 3/3
  1903 | D:3      | Found a bloodstained altar of Trog.
  2100 | D:3      | Found a large runed translucent door.
  2100 | D:3      | Found a large runed translucent door.
  2102 | D:3      | Noticed kukildenkimon's ghost (weakling OpAM)
  2200 | D:3      | Noticed a gnoll sergeant
  2565 | D:3      | Reached XP level 4. HP: 38/38 MP: 4/4
  2652 | D:3      | Found an ornate altar of the Wu Jian Council.
  2800 | D:3      | Killed kukildenkimon's ghost
  3029 | D:4      | Reached skill level 1 in Stealth
  3029 | D:4      | Reached XP level 5. HP: 29/46 MP: 5/5
  3490 | D:4      | HP: 1/47 [orc (2)]
  3824 | D:4      | Reached XP level 6. HP: 47/53 MP: 6/6
  4179 | D:4      | Reached skill level 5 in Long Blades
  4525 | D:4      | Found a faded altar of an unknown god.
  4525 | D:4      | Found a hazy altar of Hepliaklqana.
  4527 | D:4      | Found a faded altar of an unknown god.
  4582 | D:5      | Entered Level 5 of the Dungeon
  4671 | D:5      | Reached skill level 5 in Fighting
  4875 | D:5      | Your scales start taking on a rich purple colour.
  4875 | D:5      | Reached XP level 7. HP: 51/61 MP: 7/7
  4885 | D:5      | Identified the +3 robe "Qalon" {Will+ Int-2 Dex+3 Slay+2}
  5085 | D:5      | Found a radiant altar of Vehumet.
  5241 | D:5      | Reached skill level 1 in Evocations
  5500 | D:5      | Found a sparkling altar of Nemelex Xobeh.
  5656 | D:6      | Noticed fram's ghost (amateur HOMo)
  5968 | D:6      | Reached XP level 8. HP: 66/71 MP: 8/8
  6150 | D:6      | Found a runed translucent gate.
  6163 | D:6      | Noticed a cyclops
  6167 | D:6      | Found a runed translucent gate.
  6168 | D:6      | Found a runed translucent gate.
  6570 | D:6      | Reached skill level 1 in Shields
  7488 | D:6      | Found a shadowy altar of Dithmenos.
  7488 | D:6      | Found a glowing silver altar of Zin.
  7560 | D:6      | Found a sacrificial altar of Ru.
  7835 | D:6      | Became a worshipper of Dithmenos the Shadowed
  8009 | D:7      | Found a staircase to the Ecumenical Temple.
  8036 | D:7      | Reached skill level 5 in Dodging
  8429 | D:7      | Reached XP level 9. HP: 79/81 MP: 9/9
  8474 | D:7      | Found a snail-covered altar of Cheibriados.
  8641 | D:7      | Noticed a two-headed ogre
  9009 | D:8      | Reached * piety under Dithmenos
  9895 | D:8      | Found a burning altar of Makhleb.
 10455 | D:9      | Upgraded the game from 0.27.0-1-g7a089689b8 to
                  | 0.27.1-3-gb3d3a73c9e
 10455 | D:9      | Quit the game

Illustrated notes

Levels and vault maps discovered:
D:1:      enne_arrival_octagon_isle, layout_loops_ring
D:2:      layout_basic, hellmonk_ecumenical_altar_pennies_from_heaven,
          chequers_serial_rivers_micro_e, minmay_heptomino_o4
D:3:      minmay_spotlight, layout_basic, nicolae_wu_jian_wuxing_cycle,
          trog_three_pillars_becter, ebering_ghost_disaster_area,
          minmay_fractal_squares_5
D:4:      layout_basic, nicolae_hepliaklqana_ecumenical_no_more
D:5:      layout_rooms, nemelex_dance_club_becter, kennysheep_mini_moat,
          minmay_fractal_squares_gapless_5
D:6:      layout_basic, nicolae_ru_path_of_blood,
          gammafunk_temple_overflow_elements, gammafunk_ghost_split
D:7:      layout_loops_ring, kennysheep_slug_shrine,
          minmay_temple_entry_glassed_door, minmay_statues_item,
          hangedman_abyss_or_decor_passed, kennysheep_generic_room_13
D:8:      layout_loops_ring, bloody_makhleb, item_on_display_b
D:9:      corexii_shack_village, layout_irregular_city, tgw_fedhas, david_orc_2

Skill      XL: |  1  2  3  4  5  6  7  8  9 |
---------------+----------------------------+-----
Fighting       | 3 4 5 6 7 8 |  8.6
Dodging        | 3 4 5 |  5.5
Long Blades    | 4 5 6 7 8 |  8.2
Stealth        | 1 2 |  2.0
Evocations     | 1 3 |  3.0
Shields        | 2 3 |  3.2
Throwing       | |  1.7

Action                   |  1- 3 |  4- 6 |  7- 9 || total
-------------------------+-------+-------+-------++-------
Melee: Long sword        |   103 |   125 |   364 ||   592
       Tailslap          |    15 |    19 |    66 ||   100
Throw: Throwing net      |       |     1 |       ||     1
 Abil: Breathe Dispellin |       |       |    17 ||    17
  Use: Potion            |       |     1 |     1 ||     2
 Stab: Sleeping          |     6 |     2 |    12 ||    20
       Distracted        |       |       |     2 ||     2
Armor: Skin              |    33 |    59 |   107 ||   199
Dodge: Dodged            |    77 |    75 |   252 ||   404
Block: Buckler           |       |       |    47 ||    47
       Rpst.: Long sword |    32 |    28 |    54 ||   114
